Map: [ESL] Hecate

Players

DKZDark (Dark)

  • Race: Zerg Zerg
  • League: Master
  • Spawn Location: 1:00

DKZherO (herO) - Winner!

  • Race: Protoss Protoss
  • League: Grandmaster
  • Spawn Location: 7:00

VOD

Have the link to the VOD?

Description

Time

  • Played on: Nov. 28, 2023, 10:01 a.m.
  • Length: 10:37
Show
View Real Time Build Order
Export as new Build Order

DKZDark Zerg 

Build Orders: Hatch First 

Get SALT Encoding   

  12  0:00  Drone  
  13  0:12  Overlord  
  13  0:17  Drone  
  14  0:30  Drone x2  
  16  0:48  Hatchery  
  15  0:51  Drone  
  15  0:55  Drone  
  17  0:58  Drone  
  18  1:09  Extractor  
  17  1:14  Spawning Pool  
  17  1:17  Drone  
  17  1:20  Drone  
  18  1:29  Drone  
  19  1:39  Drone  
  20  1:50  Overlord  
  20  2:00  Queen x2  
  24  2:02  Zergling x4  
  26  2:09  Metabolic Boost  
  26  2:10  Drone  
  27  2:19  Drone  
  27  2:21  Drone  
  27  2:22  Drone  
  30  2:34  Drone x2  
  32  2:44  Queen  
  32  2:45  Zergling x4  
  36  2:55  Extractor  
  35  2:59  Hatchery  
  35  3:04  Overlord  
  34  3:06  Drone  
  34  3:07  Drone  
  35  3:21  Zergling x2  
  35  3:22  Queen  
  35  3:23  Zergling x2  
  35  3:24  Drone x3  
  42  3:27  Queen  
  42  3:33  Overlord  
  44  3:42  Overlord  
  43  3:50  Drone x3  
  43  3:51  Drone  
  43  3:52  Drone x2  
  46  3:56  Zergling x4  
  46  3:58  Drone  
  46  3:59  Drone  
  46  4:02  Drone  
  50  4:07  Evolution Chamber  
  49  4:15  Zergling x4  
  51  4:17  Queen  
  51  4:19  Spore Crawler  
  51  4:20  Spore Crawler, Drone  
  52  4:26  Drone x3  
  52  4:29  Drone  
  55  4:38  Zerg Melee Weapons Level 1  
  55  4:42  Drone x5  
  61  4:45  Drone x2  
  61  4:48  Drone  
  61  4:50  Drone  
  64  4:53  Drone x2  
  64  4:57  Spore Crawler  
  65  5:00  Drone  
  65  5:04  Overlord x2  
  66  5:09  Overlord  
  66  5:16  Overlord, Extractor  
  66  5:19  Overlord  
  65  5:24  Drone  
  65  5:25  Drone x5  
  65  5:27  Drone x3  
  65  5:28  Drone  
  74  5:33  Drone x3  
  74  5:35  Drone  
  75  5:39  Drone  
  75  5:41  Lair  
  75  5:42  Drone x2  
  77  5:44  Extractor  
  77  5:47  Drone  
  77  5:56  Hatchery  
  76  6:00  Drone x6  
  79  6:04  Zergling x4  
  79  6:05  Extractor  
  79  6:07  Queen  
  81  6:13  Zergling x2  
  81  6:17  Zergling x4  
  79  6:24  Drone x2  
  79  6:25  Drone  
  80  6:30  Drone x3  
  78  6:36  Drone x6  
  78  6:37  Drone  
  78  6:38  Extractor  
  78  6:39  Extractor  
  84  6:40  Drone  
  84  6:42  Drone x2  
  84  6:45  Spire  
  85  6:56  Zergling x4  
  85  6:57  Zergling x2  
  85  7:02  Hatchery  
  83  7:09  Zergling x18  
  83  7:10  Zerg Melee Weapons Level 2  
  92  7:22  Zergling x12  
  97  7:24  Drone  
  97  7:27  Drone  
  97  7:28  Drone x3  
  102  7:30  Drone x2  
  102  7:33  Drone x3, Spore Crawler  
  105  7:45  Zergling x2  
  105  7:46  Zergling x10  
  105  7:49  Overlord x2  
  105  7:50  Overlord, Extractor  
  110  7:54  Overlord  
  110  7:56  Overlord, Extractor  
  110  7:57  Zergling x4  
  105  8:08  Mutalisk x8  
  121  8:14  Mutalisk x2  
  121  8:18  Drone x4  
  129  8:21  Mutalisk  
  129  8:23  Zerg Flyer Weapons Level 1  
  131  8:29  Zergling x10  
  131  8:31  Overlord  
  136  8:46  Mutalisk x3  
  126  8:49  Mutalisk x2  
  126  8:54  Zergling x18  
  121  8:58  Mutalisk x2  
  121  9:00  Zergling x2  
  121  9:02  Mutalisk  
  125  9:06  Mutalisk  
  127  9:11  Mutalisk  
  127  9:14  Zergling x10  
  132  9:19  Mutalisk  
  132  9:21  Zergling x8  
  132  9:23  Mutalisk  
  140  9:28  Mutalisk  
  140  9:30  Zergling x8  
  141  9:42  Mutalisk x3  
  141  9:45  Zergling x14  
  137  9:52  Mutalisk x2  
  129  9:54  Zergling x6  
  129  9:55  Mutalisk  
  129  9:58  Mutalisk  
  127  10:02  Zergling x8  
  127  10:06  Mutalisk  
  126  10:07  Mutalisk  
Show
View Real Time Build Order
Export as new Build Order

DKZherO Protoss - Winner!

Build Orders: 1 Gate Expand, Oracle Opening 

Get SALT Encoding   

  12  0:00  Probe  
  13  0:12  Probe  
  14  0:18  Pylon  
  14  0:24  Probe (Chrono Boost)  
  15  0:37  Probe (Chrono Boost)  
  15  0:40  Gateway  
  16  0:44  Probe (Chrono Boost)  
  16  0:49  Assimilator  
  17  0:51  Probe  
  18  1:03  Probe  
  19  1:15  Probe  
  20  1:27  Nexus  
  20  1:37  Cybernetics Core  
  20  1:39  Probe  
  21  1:46  Assimilator  
  21  1:51  Probe  
  22  1:56  Pylon  
  22  2:03  Probe  
  23  2:11  Adept (Chrono Boost)  
  25  2:16  Probe  
  25  2:19  Stargate  
  26  2:25  Warp Gate  
  26  2:28  Probe  
  27  2:31  Adept (Chrono Boost)  
  29  2:38  Pylon  
  29  2:41  Probe  
  29  2:43  Probe  
  30  2:53  Adept  
  30  2:56  Probe x2  
  34  2:59  Oracle (Chrono Boost)  
  37  3:09  Probe x2  
  39  3:15  Pylon  
  39  3:23  Probe x2  
  41  3:27  Gateway  
  41  3:29  Oracle (Chrono Boost)  
  44  3:35  Probe  
  44  3:37  Probe  
  46  3:47  Probe  
  47  3:49  Probe  
  48  3:57  Oracle (Chrono Boost)  
  48  4:01  Probe x2  
  51  4:15  Nexus  
  51  4:16  Probe x2  
  53  4:17  Pylon  
  53  4:22  Assimilator x2  
  53  4:28  Pylon  
  53  4:32  Probe  
  53  4:35  Oracle (Chrono Boost), Probe  
  53  4:36  Adept  
  53  4:37  Adept  
  62  4:44  Probe  
  61  4:46  Pylon  
  61  4:47  Probe  
  62  4:56  Probe  
  62  4:57  Twilight Council  
  62  4:59  Forge, Probe  
  64  5:01  Shield Battery  
  64  5:07  Adept x2  
  66  5:10  Probe  
  66  5:11  Probe  
  70  5:20  Shield Battery  
  70  5:26  Probe x2  
  72  5:29  Protoss Ground Weapons Level 1 (Chrono Boost)  
  72  5:30  Blink (Chrono Boost)  
  72  5:33  Adept x2  
  76  5:36  Probe (Chrono Boost)  
  76  5:40  Probe x2 (Chrono Boost)  
  79  5:49  Probe (Chrono Boost)  
  80  5:50  Gateway, Robotics Facility  
  80  5:54  Pylon  
  80  5:55  Probe x2 (Chrono Boost)  
  80  5:56  Probe (Chrono Boost)  
  83  6:02  Stalker x2, Probe x2  
  89  6:07  Probe  
  90  6:14  Probe x2  
  86  6:26  Probe x2  
  82  6:33  Stalker x2  
  82  6:34  Probe  
  82  6:35  Assimilator  
  82  6:38  Probe  
  82  6:39  Probe  
  90  6:40  Observer, Robotics Bay  
  90  6:42  Robotics Facility  
  90  6:43  Gateway  
  90  6:45  Assimilator  
  90  6:52  Stalker  
  90  6:53  Probe  
  93  6:54  Pylon  
  93  6:56  Stalker  
  93  6:58  Warp Prism  
  97  7:04  Stalker  
  99  7:15  Gateway, Pylon  
  99  7:16  Pylon  
  99  7:18  Gateway  
  99  7:20  Gateway  
  99  7:21  Gateway  
  99  7:29  Colossus (Chrono Boost)  
  99  7:31  Colossus (Chrono Boost)  
  111  7:41  Stalker x3  
  111  7:44  Gateway  
  117  7:46  Photon Cannon  
  117  7:51  Stalker  
  119  7:52  Protoss Ground Weapons Level 2  
  119  7:54  Pylon  
  119  7:55  Pylon  
  119  8:10  Colossus (Chrono Boost)  
  119  8:13  Stalker x3  
  119  8:14  Stalker  
  133  8:23  Stalker x4  
  141  8:32  Pylon  
  141  8:34  Pylon  
  141  8:37  Pylon x3, Photon Cannon  
  141  8:39  Photon Cannon  
  127  8:53  Stalker x7  
  121  8:56  Warp Prism (Chrono Boost)  
  121  9:01  Phoenix (Chrono Boost)  
  117  9:04  Stalker x2  
  121  9:18  Stalker x4, Sentry x2  
  133  9:25  Photon Cannon  
  133  9:41  Stalker x5  
  133  9:42  Stalker  
  133  9:44  Stalker  
  127  9:55  Stalker x2  
  113  10:08  Stalker x6  
Tags
 
Add a new tag
Caveats
  • Supply blocks, unpowered buildings, or Contaminate may cause inaccurate times.
  • Supply counts are checked every 10 seconds.